 Dungeon Sprint DCSS version 0.05.1-2-g93bfe95158 (webtiles) character file.

Game seed: 1179719089190594653, levelgen mode: deterministic

7382 diana the Tainter (level 11, -3/86 HPs) Octopode Venom Mage. Began on May 29, 2021. Was the Champion of Vehumet. Slain by a +2 trident of venom (10 damage) ... in the Dungeon (Sprint V: "Ziggurat Sprint"). The game lasted 00:07:55 (621 turns).

diana the Tainter (Octopode Venom Mage)              Turns: 621, Time: 00:07:55

Health: -3/86      AC:  1    Str: 17    XL:     11 ^: 7825
Magic:  26/28      EV: 25    Int: 31    God:    Vehumet [6* [166]]
Gold:   0          SH:  0    Dex: 23    Spells: 19/36 levels left

rFire    + + .     Vision   .   E - +7 great mace "Firestarter" {inner flame, rF++}
rCold    . . .     Gourm    .   (no weapon)
rNeg     . . .     Faith    .   (helmet restricted)
rPois    .         Spirit   .   (no amulet)
rElec    .         Reflect  .   s - ring of dexterity
rCorr    .         Harm     .   t - ring of dexterity
MR       .....     NoTele   +   u - ring of intelligence
Stlth    +++++.....             v - ring of intelligence
HPRegen  0.38/turn              w - ring of strength
MPRegen  0.38/turn              x - ring of strength
                                (no ring)
                                (no ring)

@: lethally poisoned (-3 -> -30), very slightly contaminated
A: almost no armour, stealthy swim, amphibious, 8 rings, constrict 8, camouflage
1, AC +1
a: Renounce Religion


You were in the Dungeon.
You worshipped Vehumet.
Vehumet was exalted by your worship.
You were not hungry.

You visited 1 branch

Inventory:

Weapons
 E - the +7 great mace "Firestarter" (weapon) {inner flame, rF++}
   (You found it in the Dungeon)

   Its malleable surface is completely molten, allowing it to meld around and
   partially ignore armour.
   Causes less base damage than a standard weapon; but partially ignores enemy's
   defense and burns causing additional damage to those that don't resist heat.
   It greatly protects you from fire.
   Shields
 G - the cursed +7 buckler of Impermeability {rF+ rN+ MR- Int+2, (Curse: *Drain *Slow)}
   (You found it in the Dungeon)

   Base shield rating: 3 Skill to remove penalty: 4.0 It affects your
   intelligence (+2).
   It protects you from fire.
   It protects you from negative energy.
   It affects your resistance to hostile enchantments.
   It has a curse placed upon it.
   { (Curse: *Drain *Slow)}
Magical Staves
 k - a +5 staff of earth
 D - the +6 Majin-Bo {vampiric, corrupt archmagi; MP+6 Int+6}
   (You found it in the Dungeon)

   [staff of ]

   Base accuracy: +5 Base damage: 5 Base attack delay: 1.2 This weapon's minimum
   attack delay (0.6) is reached at skill level 12.
   The minimum and maximum damage of damaging spells cast with this staff are
   significantly increased.
   It falls into the 'Staves' category.
   It is one handed.
   Its enchantment grants additive spellpower to the spells it enhances.
 F - a +2 menacing staff of poison
Jewellery
 s - a ring of dexterity (left tentacle)
 t - a ring of dexterity (right tentacle)
 u - a ring of intelligence (on tentacle)
 v - a ring of intelligence (on tentacle)
 w - a ring of strength (on tentacle)
 x - a ring of strength (on tentacle)
 I - the ring of Broken Luck {Int+3 Slay+3 Stlth-}
   (You found it in the Dungeon)

   [ring of attention]

   It affects your intelligence (+3).
   It affects your accuracy and damage with ranged weapons and melee attacks
   (+3).
   It makes you less stealthy.
 J - an uncursed ring of stealth
Wands
 y - a wand of disintegration (7)
 z - a wand of iceblast (7)
 A - a wand of acid (7)
Scrolls
 h - 3 scrolls of blinking
 n - 4 scrolls of amnesia
 o - 7 scrolls of fog
 p - a scroll of holy word
 q - 5 scrolls of bless item
 r - 2 scrolls of fear
Potions
 a - 2 potions of brilliance
 c - 9 potions of curing
 d - 6 potions of heal wounds
 e - 6 potions of haste
 f - 7 potions of magic
 g - 3 potions of berserk rage
 i - 2 potions of invisibility
 j - 4 potions of resistance
 l - 5 potions of agility
 m - 5 potions of might
Miscellaneous
 B - a lightning rod (3/4)
 C - a crystal ball of energy
 H - a phantom mirror
Comestibles
 b - 7 rations


   Skills:
 + Level 12.7 Fighting
 + Level 4.9 Maces & Staves
 + Level 12.8 Dodging
 - Level 2.6 Stealth
 + Level 13.0 Spellcasting
 + Level 12.8 Air Magic
 - Level 13.6 Poison Magic


You had 19 spell levels left.
You knew the following spells:

 Your Spells              Type           Power        Failure   Level  Hunger
a - Poisonous Vapours     Pois/Air       50 (50)      0%          1    None
b - Mephitic Cloud        Pois/Air       80 (100)     1%          3    None
c - Olgreb's Toxic Radia  Pois           81 (100)     1%          4    None
d - Ignite Poison         Fire/Tmut      20 (100)     1%          3    None
e - Eringya's Noxious Bo  Tmut/Pois      58 (200)     6%          6    ####...

Your spell library contained the following spells:

 Spells                   Type           Power        Failure   Level  Hunger
 Shock                    Air            25 (25)      0%          1    None
 Sting                    Pois           25 (25)      0%          2    None
 Flame Tongue             Fire           20 (30)      1%          1    None
 Throw Frost              Ice            20 (50)      1%          2    None
 Inner Flame              Hex/Fire       20 (100)     1%          3    None
 Force Lance              Tloc/Air       56 (200)     1%          4    None
 Sticky Flame             Fire/Pois      58 (100)     1%          4    None
 Irradiate                Tmut/Pois      58 (200)     1%          5    None
 Magic Candle             Hex/Fire       20 (90)      2%          1    None
 Slow                     Hex            20 (100)     3%          2    None
 Sublimation of Blood     Necr           20 (200)     3%          2    None
 Portal Projectile        Chrm/Tloc      20 (50)      7%          3    None
 Force Lasso              Tloc/Erth      20 (200)     7%          4    None
 Cause Fear               Hex            20 (200)     24%         4    None
 Leda's Liquefaction      Tmut/Erth      20 (200)     24%         4    None
 Petrify                  Tmut/Erth      20 (100)     24%         4    None


Dungeon Overview and Level Annotations

Branches:
Dungeon (1/1)

Altars:
Ashenzari
Cheibriados
Dithmenos
Elyvilon
Fedhas Madash
Gozag Ym Sagoz
Hepliaklqana
Kikubaaqudgha
Makhleb
Nemelex Xobeh
Okawaru
Qazlal
Ru
Sif Muna
Trog
Uskayaw
Vehumet
Wu Jian
Xom
Yredelemnul
Zin
The Shining One Bahamut & Tiamat
Beogh
Jiyva
Lugonu

Annotations:
D 1 transporter


Innate Abilities, Weirdness & Mutations

You cannot wear most types of armour.
You are very stealthy in the water. (Stealth+)
Your gelatinous body is resilient. (AC +1, EV +1)
You are amphibious.
You can wear up to eight rings at the same time.
You can use your tentacles to constrict five enemies at once.
Your skin changes colour to match your surroundings (Stealth++).


Message History

The water elemental barely misses you (0).
Unknown command.
Blink to where?
Press: ? - help, Dir - move target cursor You are very lightly contaminated with residual magic.
As you read the scroll of blinking, it crumbles to dust.
The water engulfing you falls away.
* * * LOW HITPOINT WARNING * * *
You feel very sick. (4) Evoke which item? (* to show all) (? for menu, Esc to quit)
Aiming: Thunderbolt
Press: ? - help, Shift-Dir - straight line The thunderbolt hits the fire elemental (3).
The fire elemental resists.
The fire elemental is severely damaged. (9/33) HP Your toxic aura wanes.
* * * LOW HITPOINT WARNING * * *
You feel very sick. (3)
The +2 trident of venom hits you from afar (10)!
You die...

▓..8©8...▓..8©8...
▓..)))...▓..)))...
▓...)†...▓..|.)...
▓....)...▓..|.....
▓...)....▓........
▓........▓.▓....▓.
▓...©....▓...©....
▓▓▓▓▓▓▓▓▓▓▓▓▓▓▓▓▓▓
▓@..8©8...▓..8©8..
▓..=).[...▓...[|..
▓..(|?=...▓..}[)..
▓..E.)....▓...†...
▓.E.○.....▓.......
▓...○E....▓....†..
▓....☼....▓...†...
▓.▓..§..▓.▓.▓...▓.
▓....©....▓...©...


You could see 2 water elementals, a fire elemental (inner flame) and a +2
trident of venom.

Vanquished Creatures
  A deep elf death mage (D)
  A deep elf knight (D)
  3 deep elf archers (D)
  5 deep elf magi (D)
  A black mamba (D)
  A freezing wraith (D)
  2 rime drakes (D)
  A komodo dragon (D)
  2 polar bears (D)
  A water elemental (D)
  A hell hound (D)
  2 porcupines (D)
  An ice beast (D)
  A bullfrog (D)
  2 orc priests (D)
  A giant cockroach simulacrum (D)
  2 orcs (D)
  An adder simulacrum (D)
  A jackal (D)
  A ball python simulacrum (D)
  A ball python zombie (D)
  A quokka simulacrum (D)
33 creatures vanquished.

Vanquished Creatures (others)
  Nessos (D)
  Erica (D)
  Sonja (D)
  Psyche (D)
  Grinder (D)
  Ijyb (D)
  7 death oozes (D)
13 creatures vanquished.

Grand Total: 46 creatures vanquished

Notes
Turn   | Place    | Note
-------+----------+-------------------------------------------
     0 | D        | diana the Octopode Venom Mage began the quest for the Orb.
     0 | D        | Reached XP level 1. HP: 11/11 MP: 3/3
     0 | D        | Found a shimmering blue altar of Sif Muna.
     0 | D        | Found a sacrificial altar of Ru.
     0 | D        | Found a bloodstained altar of Trog.
     0 | D        | Found a stormy altar of Qazlal.
     0 | D        | Found an iron altar of Okawaru.
     0 | D        | Found a sparkling altar of Nemelex Xobeh.
     0 | D        | Found a blossoming altar of Fedhas.
     1 | D        | Found the +6 Majin-Bo {vampiric, corrupt archmagi; MP+6
                  | Int+6}
     1 | D        | Found the +9 ballista "Sniper" {velocity, Acc+∞ +Vis}
     1 | D        | Found the +10 dark maul {crush}
     1 | D        | Found the +15 Maxwell's patent armour {-Cast -Tele rElec
                  | MR+ rCorr}
     1 | D        | Found the +18 shield of the Gong {rElec rN+ MR+ EV-5}
     1 | D        | Found the +14 obsidian axe {chop, +Fly +Vis Soulbond}
     1 | D        | Found the +7 great mace "Firestarter" {inner flame, rF++}
     1 | D        | Found the +6 shillelagh "Devastator" {shatter}
     1 | D        | Found the +11 plutonium sword {*Contam Stlth-}
     1 | D        | Found the +8 lance "Wyrmbane" {slay drac, rPois rF+ rC+
                  | AC+3}
     1 | D        | Found the +9 sword of Zonguldrok {reap}
     1 | D        | Found the +13 scythe of Curses {drain, Soulbond}
     1 | D        | Found the +0 sword of Power
     1 | D        | Found the +7 mace of Variability {chain chaos}
     1 | D        | Found the +7 Singing Sword {slice, sonic wave}
     1 | D        | Found the +8 storm bow {elec, penet}
     2 | D        | Found a transporter.
     2 | D        | Found an ancient bone altar of Kikubaaqudgha.
     2 | D        | Found a viscous altar of Jiyva.
     2 | D        | Found a corrupted altar of Lugonu.
     2 | D        | Found a hazy altar of Hepliaklqana.
     2 | D        | Found a burning altar of Makhleb.
     2 | D        | Found an opulent altar of Gozag.
     6 | D        | Killed Sonja
    20 | D        | Killed Nessos
    29 | D        | Killed Psyche
    55 | D        | Became a worshipper of Vehumet
    81 | D        | Reached skill level 5 in Poison Magic
    81 | D        | Reached XP level 2. HP: 20/20 MP: 4/7
   100 | D        | Entered arena 2.
   100 | D        | Noticed a hell hound
   100 | D        | Found a transporter.
   104 | D        | Killed a hell hound
   104 | D        | Reached skill level 5 in Dodging
   104 | D        | Reached skill level 5 in Spellcasting
   104 | D        | Reached XP level 3. HP: 10/27 MP: 7/9
   104 | D        | Reached XP level 4. HP: 13/34 MP: 8/11
   152 | D        | Killed Erica
   202 | D        | Entered arena 3.
   202 | D        | Noticed a deep elf mage
   202 | D        | Noticed a deep elf archer
   202 | D        | Noticed a deep elf mage
   202 | D        | Found a transporter.
   210 | D        | Killed a deep elf mage
   210 | D        | Reached * piety under Vehumet
   210 | D        | Offered knowledge of Flame Tongue by Vehumet.
   210 | D        | Reached XP level 5. HP: 4/43 MP: 12/15
   210 | D        | Reached XP level 6. HP: 5/49 MP: 12/16
   210 | D        | Reached XP level 7. HP: 5/54 MP: 13/18
   213 | D        | Killed a deep elf mage
   213 | D        | Reached XP level 8. HP: 41/62 MP: 14/20
   216 | D        | Killed a deep elf archer
   216 | D        | Reached skill level 10 in Poison Magic
   265 | D        | Killed Grinder
   378 | D        | Learned a level 3 spell: Mephitic Cloud
   383 | D        | Learned a level 4 spell: Olgreb's Toxic Radiance
   387 | D        | Learned a level 3 spell: Ignite Poison
   411 | D        | Killed Ijyb
   421 | D        | Entered arena 4.
   421 | D        | Found a transporter.
   425 | D        | Offered knowledge of Shock by Vehumet.
   425 | D        | Reached ** piety under Vehumet
   429 | D        | Offered knowledge of Throw Frost by Vehumet.
   438 | D        | Got the cursed +7 buckler of Impermeability {rF+ rN+ MR-
                  | Int+2, (Curse: *Drain *Slow)}
   461 | D        | Entered arena 5.
   461 | D        | Found a transporter.
   462 | D        | Reached *** piety under Vehumet
   463 | D        | Offered knowledge of Force Lance by Vehumet.
   482 | D        | Entered arena 6.
   482 | D        | Noticed a deep elf death mage
   482 | D        | Noticed a deep elf archer
   482 | D        | Noticed a deep elf mage
   482 | D        | Noticed a deep elf archer
   482 | D        | Found a transporter.
   484 | D        | Noticed a jumping spider
   484 | D        | Killed a deep elf archer
   484 | D        | Reached **** piety under Vehumet
   484 | D        | Reached skill level 10 in Fighting
   484 | D        | Reached skill level 10 in Dodging
   484 | D        | Reached skill level 10 in Spellcasting
   484 | D        | Reached skill level 10 in Air Magic
   484 | D        | Reached XP level 9. HP: 70/70 MP: 14/23
   484 | D        | Killed a deep elf mage
   484 | D        | Offered knowledge of Sticky Flame by Vehumet.
   485 | D        | Killed a deep elf archer
   486 | D        | Killed a deep elf death mage
   486 | D        | Reached XP level 10. HP: 79/79 MP: 10/25
   535 | D        | Entered arena 7.
   538 | D        | Reached ***** piety under Vehumet
   538 | D        | Offered knowledge of Force Lasso by Vehumet.
   541 | D        | Found a transporter.
   565 | D        | Learned a level 6 spell: Eringya's Noxious Bog
   567 | D        | Entered arena 8.
   574 | D        | Found a transporter.
   581 | D        | Got the ring of Broken Luck {Int+3 Slay+3 Stlth-}
   613 | D        | Entered arena 9.
   613 | D        | Noticed a +2 trident of venom
   613 | D        | Noticed a deep elf mage
   613 | D        | Noticed a deep elf mage
   613 | D        | Noticed a deep elf knight
   616 | D        | Killed a deep elf knight
   616 | D        | Reached ****** piety under Vehumet
   616 | D        | Reached XP level 11. HP: 86/86 MP: 21/27
   618 | D        | Found a transporter.
   621 | D        | Slain by a +2 trident of venom

Levels and vault maps discovered:
D:        sprint_v [room_start, room_1, room_2, room_3, room_4, room_5, room_6,
          room_7, room_8, room_9, room_10, room_11, room_12, room_13, room_14,
          room_15, room_16, room_17, room_18, room_19, room_20, room_21,
          room_22, room_23, room_24, room_25, room_26, room_27]

Skill      XL: |  1  2  3  4  5  6  7  8  9 10 11 |
---------------+----------------------------------+-----
Fighting       | 2 4 7 8 10 11 12 | 12.7
Maces & Staves | 2 3 4 |  4.9
Dodging        | 3 5 7 8 10 11 12 | 12.8
Spellcasting   | 4 5 7 8 10 11 12 13 | 13.0
Air Magic      | 3 4 7 8 10 11 12 | 12.8
Poison Magic   | 5 6 8 9 11 12 13 | 13.6
Stealth        | |  2.6

Action                   |  1- 3 |  4- 6 |  7- 9 | 10-12 || total
-------------------------+-------+-------+-------+-------++-------
Melee: Great mace        |     2 |     1 |     5 |     5 ||    13
       Unarmed           |     1 |       |       |     2 ||     3
       Constrict         |     1 |       |       |       ||     1
       Tentacle Squeeze  |     1 |       |       |       ||     1
 Cast: Olgreb's Toxic Ra |       |       |     3 |     6 ||     9
       Ignite Poison     |       |       |     3 |     8 ||    11
       Eringya's Noxious |       |       |       |     1 ||     1
Evoke: Lightning rod     |       |     4 |     3 |     1 ||     8
  Use: Potion            |     1 |     3 |     2 |       ||     6
       Scroll            |       |       |       |     1 ||     1
 Stab: Sleeping          |     1 |       |       |       ||     1
Dodge: Dodged            |       |     2 |    11 |     4 ||    17
